 Dungeon Crawl Stone Soup version 0.17.1-1-g73c8601 (webtiles) character file.

476 Flanowski the Shield-Bearer (level 7, 0/60 HPs)
             Began as a Hill Orc Fighter on Dec 30, 2015.
             Killed by nerve-wracking pain
             ... invoked by Grinder
              (10 damage)
             ... on level 5 of the Dungeon.
             The game lasted 00:10:20 (4225 turns).

Flanowski the Shield-Bearer (Hill Orc Fighter)      Turns: 4225, Time: 00:10:20

Health: 0/60       AC: 13    Str: 26    XL:     7   Next: 10%
Magic:  16/16      EV:  5    Int:  8    God:
Gold:   198        SH: 10    Dex: 10    Spells: 0 memorised, 6 levels left

rFire  . . .     SeeInvis .     a - +0 long sword
rCold  . . .     Clarity  .     q - +0 plate armour
rNeg   . . .     SustAt   .     c - +0 shield
rPois  .         Gourm    .     v - +0 helmet
rElec  .         Spirit   .     (no cloak)
rCorr  .         Warding  .     (no gloves)
rMut   .         Stasis   +     (no boots)
MR     .....                    f - amulet of stasis
Stlth  ..........               (no ring)
                                m - ring of magical power

@: mighty, not resistant to hostile enchantments, extremely unstealthy
A: no striking features
a: no special abilities


You were on level 5 of the Dungeon.
You were hungry.

You visited 1 branch of the dungeon, and saw 5 of its levels.

You collected 198 gold pieces.

Inventory:

Hand Weapons
 a - a +0 long sword (weapon)
Armour
 b - a +0 scale mail
 c - a +0 shield (worn)
 q - a +0 plate armour (worn)
 v - a +0 helmet (worn)
Jewellery
 f - an amulet of stasis (around neck)
 m - a ring of magical power (left hand)
Wands
 y - a wand of slowing (29)
 D - a wand of paralysis (10)
Scrolls
 g - 2 scrolls of immolation
 i - 7 scrolls of remove curse
 k - 7 scrolls of identify {unknown}
 n - a scroll of enchant armour {unknown}
 p - 3 scrolls of teleportation {unknown}
 x - 3 scrolls of amnesia {unknown}
 B - a scroll of torment {unknown}
Potions
 j - 2 potions of curing {unknown}
 l - 2 potions of heal wounds {unknown}
 o - 2 potions of haste {unknown}
 t - 2 potions of degeneration {unknown}
 u - a potion of mutation {unknown}
 w - a potion of brilliance {unknown}
 z - a potion of agility {unknown}
 C - 2 potions of invisibility {unknown}
Books
 s - a book of Flames

   Spells                             Type                      Level
   a - Flame Tongue                   Conjuration/Fire             1
   b - Throw Flame                    Conjuration/Fire             2
   c - Conjure Flame                  Conjuration/Fire             3
   d - Inner Flame                    Hexes/Fire                   3
   e - Sticky Flame                   Conjuration/Fire             4
   f - Fireball                       Conjuration/Fire             5
 A - a book of Power

   Spells                             Type                      Level
   a - Fulminant Prism                Conjuration/Hexes            4
   b - Iskenderun's Mystic Blast      Conjuration                  4
   c - Venom Bolt                     Conjuration/Poison           5
   d - Bolt of Magma                  Conjuration/Fire/Earth       5
   e - Iron Shot                      Conjuration/Earth            6
   f - Orb of Destruction             Conjuration                  7
   g - Spellforged Servitor           Conjuration/Summoning        7
Comestibles
 e - 6 bread rations
 h - 3 meat rations
 r - a beef jerky


   Skills:
 * Level 4.9 Fighting
 * Level 3.9 Long Blades
 * Level 4.9 Armour
 + Level 1.4 Dodging
 * Level 5.7 Shields


You had 6 spell levels left.
You didn't know any spells.

Dungeon Overview and Level Annotations

Branches:
Dungeon (5/15)
 Temple: D:4-7

Altars:
Dithmenos
Nemelex Xobeh

Annotations:
D:5 Grinder


Message History

You feel very mighty all of a sudden. Grinder gestures at you.
Pain shoots through your body!
* * * LOW HITPOINT WARNING * * *
Grinder gestures at you.
Your amulet of stasis gives you a mild electric shock.
You hit Grinder.
Grinder is moderately wounded.
Grinder says, "What is the universe for?"
Grinder gestures at you.
Your amulet of stasis gives you a mild electric shock.
You completely miss Grinder.
Grinder is moderately wounded.
Grinder gestures at you. You resist with significant effort.
You slash Grinder!
Grinder is heavily wounded.
Grinder gestures at you. Pain shoots through your body!
You die...

#........#
###'######
######5# #....).#
#.###### #### #.#
#..[ #.# #...
#5#############...
#@............'...
###############...
#######...
#.........
#.........
#.......†.
#########' #. #.


You could see Grinder.

Vanquished Creatures
  An ice beast (D:3)
  An ogre (D:4)
  2 orc wizards (D:4)
  A worker ant (D:4)
  4 gnolls (D:5)
  9 adders
  An ooze (D:4)
  2 worms
  2 giant geckos (D:2)
  9 orcs
  6 giant cockroaches
  8 goblins
  2 hobgoblins
  3 quokkas
  2 ball pythons
  4 bats
  8 giant newts
  10 jackals
  A jackal skeleton (D:4)
  11 kobolds
  2 quokka skeletons
  8 rats
97 creatures vanquished.

Notes
Turn   | Place    | Note
--------------------------------------------------------------
     0 | D:1      | Flanowski the Hill Orc Fighter began the quest for the Orb.
     0 | D:1      | Reached XP level 1. HP: 19/19 MP: 1/1
   467 | D:1      | Reached XP level 2. HP: 27/27 MP: 2/2
   695 | D:1      | Reached skill level 4 in Shields
  1023 | D:2      | Reached XP level 3. HP: 33/33 MP: 3/3
  1475 | D:2      | Reached XP level 4. HP: 24/40 MP: 4/4
  2432 | D:3      | Noticed an ice beast
  2443 | D:3      | Killed an ice beast
  2443 | D:3      | Reached skill level 1 in Dodging
  2443 | D:3      | Reached skill level 5 in Shields
  2443 | D:3      | Reached XP level 5. HP: 20/46 MP: 5/5
  2986 | D:4      | Reached XP level 6. HP: 43/53 MP: 6/6
  3032 | D:4      | Noticed an ogre
  3040 | D:4      | Killed an ogre
  3797 | D:5      | Entered Level 5 of the Dungeon
  3945 | D:5      | Found a sparkling altar of Nemelex Xobeh.
  4077 | D:5      | Found a shadowy altar of Dithmenos.
  4110 | D:5      | Reached XP level 7. HP: 50/60 MP: 7/7
  4161 | D:5      | Noticed Grinder
  4225 | D:5      | Killed from afar by Grinder

Action                   |  1- 3 |  4- 6 |  7- 9 || total
-------------------------+-------+-------+-------++-------
Melee: Long sword        |   148 |   268 |    33 ||   449
  Use: Potion            |       |     1 |     1 ||     2
       Scroll            |       |     2 |       ||     2
  Eat: Chunk             |     2 |     9 |       ||    11
